 Dungeon Crawl Stone Soup version 0.14.1-24-gbdbe590 (webtiles) character file.

43969 Seskara the Thrower (level 14, 0/84 HPs)
             Began as a Gargoyle Fighter on June 15, 2014.
             Was the Champion of Makhleb.
             Shot with a bolt by a yaktaur (10 damage)
             ... on Level 15 of the Dungeon on June 19, 2014.
             The game lasted 02:01:09 (16992 turns).

Seskara the Thrower (Gargoyle Fighter)             Turns: 16992, Time: 02:01:09

HP   0/84        AC 30     Str 25      XL: 14   Next: 21%
MP  17/17        EV  6     Int  9      God: Makhleb [******]
Gold 1161        SH 27     Dex  7      Spells:  0 memorised, 13 levels left

rFire  . . .     SeeInvis .     e - +5,+2 whip (elec)
rCold  . . .     Clarity  .     G - +2 plate armour {rPois}
rNeg   + . .     Conserve .     c - +1 shield
rPois  +         rCorr    .     u - +0 hat {MR+}
rElec  +         rRot     +     z - +1 cloak {+Inv}
SustAb . .       Spirit   .     I - +0 pair of gloves
rMut   .         Warding  .     (no boots)
Saprov . . .     Stasis   .     (no amulet)
MR     ++...                    H - ring of sustenance
                                o - +0,+8 ring of slaying

@: very slightly contaminated, hasted, very quick, very resistant to hostile
enchantments, extremely unstealthy
A: able to fly continuously, large and strong wings, hooves 2, clumsy 1, life
protection 1, electricity resistance, wild magic 1, unbreathing, petrification
resistance, AC +9
a: Fly, Minor Destruction, Lesser Servant of Makhleb, Major Destruction, Greater
Servant of Makhleb, Renounce Religion, Evoke Invisibility


You were on level 15 of the Dungeon.
You worshipped Makhleb.
Makhleb was exalted by your worship.
You were not hungry.

You visited 3 branches of the dungeon, and saw 17 of its levels.
You also visited: Bailey.

You collected 1618 gold pieces.
You spent 457 gold pieces at shops.

Inventory:

Hand weapons
 e - a +5,+2 whip of electrocution (weapon)
 p - a +2,+3 bow of velocity
 D - a cursed -1,-2 flail
 K - a +1,+1 dire flail of protection
Missiles
 f - 2 darts of flame
 g - 40 darts (quivered)
 i - 23 exploding sling bullets
 j - 16 arrows of frost
 m - 12 arrows of dispersal
 q - 115 poisoned needles
 w - 2 curare-tipped needles
 S - 13 poisoned bolts
 V - 3 poisoned darts
Armour
 c - a +1 shield (worn)
 n - a +0 large shield
 u - a +0 hat of magic resistance (worn)
 z - a +1 cloak of darkness (worn)
 G - a +2 plate armour of poison resistance (worn)
 I - a +0 pair of gloves (worn)
 R - a +0 shield
 W - a +0 buckler
 X - a +0 shield
 Y - a +0 shield
Magical devices
 C - a wand of lightning (5) {unknown}
 U - a wand of magic darts (6) {unknown}
Comestibles
 b - 5 honeycombs
 d - 8 bread rations
 B - 9 cheeses
Scrolls
 h - a scroll of remove curse
 s - a scroll of amnesia
 A - a scroll of magic mapping
 E - 4 scrolls of enchant armour
 F - a scroll of noise {unknown}
Jewellery
 k - an uncursed ring of invisibility
 l - a cursed ring of teleportation {unknown}
 o - a +0,+8 ring of slaying (left hand)
 H - a ring of sustenance (right hand)
 Z - an uncursed amulet of conservation {unknown}
Potions
 v - 4 potions of restore abilities
 x - a potion of invisibility
 J - 2 potions of heal wounds
 L - 2 potions of lignification
 N - 3 potions of might
 P - 7 potions of curing
 Q - a potion of berserk rage


   Skills:
 + Level 8.4 Fighting
 + Level 9.9 Maces & Flails
 + Level 13.5 Throwing
 + Level 10.3 Armour
 + Level 6.5 Dodging
 + Level 3.1 Stealth
 + Level 12.5 Shields
 + Level 1.2 Invocations
 + Level 1.4 Evocations


You had 13 spell levels left.
You didn't know any spells.

Dungeon Overview and Level Annotations

Branches:
Dungeon (15/15)            Temple (0/1) D:6             Orc (1/4) D:11
   Lair (1/8) D:10         Vaults (0/5) D:14
 Depths: D:15

Altars:
Ashenzari
Cheibriados
Makhleb
Okawaru
Sif Muna
Trog
The Shining One

Shops:
Orc:1 !


Innate Abilities, Weirdness & Mutations

You are resistant to torment.
You are immune to poison.
You are immune to rotting.
You can fly continuously.
Your stone body is very resilient (AC +9).
Your wings are large and strong.
You resist negative energy.
You are resistant to electric shocks.
You can survive without breathing.
You are immune to petrification.
You have hoof-like feet.
You are clumsy. (Dex -2)
Your spells are a little harder to cast, but a little more powerful.


Message History

Read which item? (? for menu, Esc to quit)
Read which item? (? for menu, Esc to quit)
Read which item? (? for menu, Esc to quit)
You don't have any such object.
Read which item? (? for menu, Esc to quit)
Okay, then.
Read which item? (? for menu, Esc to quit)
Blink to where?
Press: ? - help, Dir - move target cursor
As you read the scroll of blinking, it crumbles to dust.
You are very lightly contaminated with residual magic.
A yaktaur comes into view.
The yaktaur shouts!
Drink which item? (? for menu, Esc to quit)
You feel yourself speed up.
The yaktaur wields a crossbow.
The yaktaur shoots a bolt.
The bolt hits you!
* * * LOW HITPOINT WARNING * * *
A hill giant comes into view. It is wielding a giant spiked club.
The yaktaur shoots a bolt.
The bolt hits you!
You die...

#.# #.# #.#
######.# ........#
C..c..# #....#
#....# #...@#
#....#
H############...(#
.................#
##################


You could see a hill giant and a yaktaur.

Vanquished Creatures
  Gastronok (D:9)
  8 vault guards (D:14)
  4 centaur warriors
  3 unseen horrors
  A deep troll (D:15)
  2 orc knights (Bailey)
  Pikel (D:4)
  6 hill giants
  A griffon (D:14)
  A draconian (shapeshifter) (D:11)
  2 manticores
  A cyclops (D:14)
  Maurice (D:8)
  A black mamba (Lair:1)
  A spiny frog (Lair:1)
  A gargoyle (D:11)
  An efreet (D:13)
  A feature mimic (D:11)
  2 centaur zombies
  2 komodo dragons
  The ghost of Christof the Cudgeler, an average MiFi (D:4)
  A troll (D:14)
  A queen bee (Lair:1)
  4 red devils (D:14)
  3 two-headed ogres
  3 wyverns
  A fire dragon skeleton (D:12)
  A trapdoor spider (D:12)
  2 wraiths
  A shark (D:11)
  A human (D:8)
  27 ugly things
  Grum (D:13)
  A yak (shapeshifter) (D:11)
  A deep elf mage (D:12)
  25 yaks
  3 hippogriffs
  2 hill giant skeletons
  A shadow (D:12)
  2 wolves (D:13)
  A hungry ghost (D:13)
  A necrophage (D:14)
  A porcupine (Lair:1)
  A mottled dragon (D:12)
  A human skeleton (D:14)
  A giant goldfish (D:11)
  3 water moccasins
  16 orc warriors
  A sky beast (D:6)
  4 ice beasts
  5 black bears
  6 ogres
  7 phantoms
  7 spiders (D:14)
  9 centaurs
  10 giant frogs
  A crocodile (Lair:1)
  3 giant slugs (Lair:1)
  A big kobold (D:7)
  2 brain worms
  A cyclops skeleton (D:10)
  14 killer bees (Lair:1)
  3 scorpions
  A hippogriff skeleton (D:10)
  4 wights (D:11)
  A giant frog zombie (D:7)
  2 goliath beetles (D:10)
  7 electric eels (D:11)
  7 orc priests
  A two-headed ogre zombie (D:8)
  A yellow wasp zombie (D:10)
  5 crimson imps
  A centaur skeleton (D:8)
  6 hounds
  3 giant frog skeletons
  2 jellies (D:10)
  3 iguanas
  14 orc wizards
  Natasha (thrice) (D:3)
  9 worker ants
  A boulder beetle simulacrum (D:14)
  3 sheep (D:8)
  Ijyb (D:6)
  A hound zombie (D:6)
  2 mummies
  A worker ant zombie (D:5)
  5 gnolls
  2 shadow imps
  11 adders
  A white imp (D:8)
  2 giant mites
  3 worms
  A goliath beetle zombie (D:10)
  An orc zombie (D:6)
  An adder skeleton (D:8)
  4 giant eyeballs
  71 orcs
  13 bats
  6 giant cockroaches
  12 hobgoblins
  28 jackals
  23 kobolds
  5 quokkas
  3 ball pythons
  10 giant geckos
  3 giant newts
  A giant spore (D:8)
  10 goblins
  2 orc skeletons
  7 rats
  3 rat skeletons
  5 ballistomycetes
534 creatures vanquished.

Vanquished Creatures (others)
  A troll (D:13)
  A slave (D:4)
  A giant frog (D:8)
  2 orc priests (D:4)
  A hound (D:4)
  2 orc wizards (D:4)
  A worker ant (D:4)
  A shadow imp (D:11)
  An ooze (D:4)
  An orc (D:4)
  2 kobolds (D:4)
  A bat (D:4)
  A giant spore (D:13)
16 creatures vanquished.

Grand Total: 550 creatures vanquished

Notes
Turn   | Place    | Note
--------------------------------------------------------------
     0 | D:1      | Seskara, the Gargoyle Fighter, began the quest for the Orb.
     0 | D:1      | Reached XP level 1. HP: 14/14 MP: 1/1
   267 | D:1      | Reached XP level 2. HP: 19/19 MP: 2/2
   982 | D:2      | Reached XP level 3. HP: 21/24 MP: 3/3
  1308 | D:2      | Gained mutation: You possess an exceptional clarity of mind. [potion of beneficial mutation]
  1329 | D:2      | Reached skill level 1 in Throwing
  1338 | D:2      | Reached XP level 4. HP: 22/29 MP: 4/4
  1819 | D:3      | Reached skill level 4 in Shields
  2013 | D:3      | Reached skill level 1 in Dodging
  2205 | D:3      | Gained mutation: Your vision is a little blurry. [potion of mutation]
  2205 | D:3      | Gained mutation: You have sharp fingernails. [potion of mutation]
  2205 | D:3      | Gained mutation: You can spit poison. [potion of mutation]
  2206 | D:3      | Lost mutation: You possess an exceptional clarity of mind. [potion of mutation]
  2206 | D:3      | Gained mutation: You have large cloven feet. [potion of mutation]
  2206 | D:3      | Gained mutation: Your body is slowly deteriorating. [potion of mutation]
  2265 | D:3      | Noticed Natasha
  2272 | D:3      | Killed Natasha
  2272 | D:3      | Reached XP level 5. HP: 31/33 MP: 5/5
  2285 | D:3      | Noticed Natasha
  2286 | D:3      | Killed Natasha
  2362 | D:3      | Noticed Natasha
  2366 | D:3      | Killed Natasha
  2688 | D:4      | Found a snail-covered altar of Cheibriados.
  2691 | D:4      | Became a worshipper of Cheibriados the Contemplative
  2755 | D:4      | Found a burning altar of Makhleb.
  2759 | D:4      | Reached XP level 6. HP: 35/38 MP: 6/6
  2764 | D:4      | Fell from the grace of Cheibriados
  2764 | D:4      | Became a worshipper of Makhleb the Destroyer
  2825 | D:4      | Noticed a phantom
  2857 | D:4      | Killed a phantom
  2868 | D:4      | Gained mutation: You have hoof-like feet. [potion of mutation]
  2881 | D:4      | Noticed Christof's ghost (average MiFi)
  3194 | D:4      | Noticed a slave
  3196 | D:4      | Noticed Pikel
  3203 | D:4      | Noticed a slave
  3205 | D:4      | Noticed a slave
  3206 | D:4      | Noticed a slave
  3216 | D:4      | Killed Pikel
  3216 | D:4      | Reached skill level 1 in Stealth
  3216 | D:4      | Reached skill level 5 in Shields
  3216 | D:4      | Reached skill level 1 in Evocations
  3216 | D:4      | Reached XP level 7. HP: 39/44 MP: 6/8
  3231 | D:4      | Killed a freed slave
  3394 | D:4      | Killed Christof's ghost
  3394 | D:4      | Reached skill level 5 in Armour
  3394 | D:4      | Reached XP level 8. HP: 42/48 MP: 9/9
  3465 | D:4      | Paralysed by a giant eyeball for 3 turns
  3833 | D:5      | Entered Level 5 of the Dungeon
  3986 | D:5      | Reached skill level 5 in Fighting
  4149 | D:5      | Reached skill level 5 in Throwing
  4368 | D:5      | Acquired Makhleb's first power
  4692 | D:6      | Paralysed by a giant eyeball for 4 turns
  4795 | D:6      | Noticed Ijyb
  4801 | D:6      | Killed Ijyb
  4881 | D:6      | Reached XP level 9. HP: 52/54 MP: 11/11
  4913 | D:6      | Found a bloodstained altar of Trog.
  4918 | D:6      | Found a staircase to the Ecumenical Temple.
  4968 | D:6      | Reached skill level 6 in Throwing
  5247 | D:6      | Acquired Makhleb's second power
  6010 | D:7      | Found a deep blue altar of Sif Muna.
  6154 | D:7      | Reached skill level 7 in Throwing
  6166 | D:7      | Lost mutation: You can spit poison. [potion of cure mutation]
  6166 | D:7      | Lost mutation: You have sharp fingernails. [potion of cure mutation]
  6166 | D:7      | Lost mutation: Your vision is a little blurry. [potion of cure mutation]
  6166 | D:7      | Lost mutation: Your body is slowly deteriorating. [potion of cure mutation]
  6480 | D:8      | Noticed Maurice
  6503 | D:8      | Acquired Makhleb's third power
  6522 | D:8      | Killed Maurice
  6775 | D:8      | Found a deep blue altar of Sif Muna.
  6816 | D:8      | Gained mutation: You are clumsy. (Dex -2) [potion of mutation]
  6816 | D:8      | Gained mutation: Your spells are a little harder to cast, but a little more powerful. [potion of mutation]
  7041 | D:8      | Reached skill level 5 in Maces & Flails
  7121 | D:8      | Reached XP level 10. HP: 59/59 MP: 12/12
  7123 | D:8      | Reached skill level 8 in Throwing
  7433 | D:9      | Noticed Gastronok
  7464 | D:9      | Killed Gastronok
  7464 | D:9      | Acquired Makhleb's fourth power
  7464 | D:9      | Reached skill level 9 in Throwing
  7669 | D:9      | Found a shattered altar of Ashenzari.
  7738 | D:9      | Found a glowing golden altar of the Shining One.
  7815 | D:9      | Was forgiven by Cheibriados
  7821 | D:10     | Entered Level 10 of the Dungeon
  7821 | D:10     | Noticed a hill giant
  7826 | D:10     | Killed a hill giant
  8154 | D:10     | Killed an unseen horror
  8154 | D:10     | Reached skill level 10 in Throwing
  8154 | D:10     | Reached XP level 11. HP: 50/65 MP: 13/13
  8297 | D:10     | Found a staircase to the Lair.
  8302 | Lair:1   | Entered Level 1 of the Lair of Beasts
  8817 | Lair:1   | Acquired Makhleb's fifth power
  8843 | Lair:1   | Reached skill level 5 in Dodging
  9321 | Lair:1   | Reached skill level 1 in Invocations
 10601 | D:10     | Noticed a centaur warrior
 10604 | D:10     | Killed a centaur warrior
 10693 | D:10     | Noticed a hill giant
 10702 | D:10     | Killed a hill giant
 10824 | D:10     | Noticed a centaur warrior
 10830 | D:10     | Killed a centaur warrior
 10830 | D:10     | Reached skill level 11 in Throwing
 11735 | D:11     | Noticed a hill giant
 11743 | D:11     | Killed a hill giant
 11747 | D:11     | Reached XP level 12. HP: 71/71 MP: 14/14
 11813 | D:11     | Noticed a hill giant
 11830 | D:11     | Killed a hill giant
 12167 | D:11     | Found a staircase to the Orcish Mines.
 12184 | Orc:1    | Entered Level 1 of the Orcish Mines
 12310 | Orc:1    | Found an iron altar of Okawaru.
 12558 | Orc:1    | Found Elenibluru's Distillery.
 12581 | Orc:1    | Bought a potion of restore abilities for 45 gold pieces
 12581 | Orc:1    | Bought a potion of heal wounds for 45 gold pieces
 12581 | Orc:1    | Bought a potion of might for 37 gold pieces
 12581 | Orc:1    | Bought a potion of heal wounds for 45 gold pieces
 12581 | Orc:1    | Bought a potion of haste for 105 gold pieces
 12581 | Orc:1    | Bought a potion of curing for 30 gold pieces
 12581 | Orc:1    | Bought a potion of curing for 30 gold pieces
 12581 | Orc:1    | Bought a potion of curing for 30 gold pieces
 12581 | Orc:1    | Bought a potion of restore abilities for 45 gold pieces
 12581 | Orc:1    | Bought a potion of berserk rage for 45 gold pieces
 12745 | D:11     | Reached skill level 12 in Throwing
 12784 | D:11     | Found a glowing golden altar of the Shining One.
 13933 | D:12     | Reached skill level 10 in Shields
 13967 | D:12     | Found a flagged portal.
 14004 | Bailey   | Entered a bailey
 14088 | Bailey   | Reached XP level 13. HP: 76/76 MP: 16/16
 14093 | Bailey   | Found an iron altar of Okawaru.
 14611 | D:13     | Reached skill level 13 in Throwing
 14860 | D:13     | Noticed Grum
 14882 | D:13     | Killed Grum
 15982 | D:14     | Noticed a vault guard
 15996 | D:14     | Killed a vault guard
 15997 | D:14     | Found a gate to the Vaults.
 15997 | D:14     | Noticed a vault guard
 15998 | D:14     | Noticed a vault guard
 15998 | D:14     | Noticed a vault guard
 15998 | D:14     | Noticed a vault guard
 15999 | D:14     | Noticed a vault guard
 16000 | D:14     | Noticed a vault guard
 16000 | D:14     | Noticed a vault guard
 16020 | D:14     | Killed a vault guard
 16028 | D:14     | Killed a vault guard
 16032 | D:14     | Killed a vault guard
 16044 | D:14     | Killed a vault guard
 16049 | D:14     | Killed a vault guard
 16060 | D:14     | Killed a vault guard
 16060 | D:14     | Reached skill level 10 in Armour
 16073 | D:14     | Killed a vault guard
 16223 | D:14     | Gained mutation: Your wings are large and strong. [gargoyle growth]
 16223 | D:14     | Reached XP level 14. HP: 84/84 MP: 17/17
 16869 | D:15     | Entered Level 15 of the Dungeon
 16992 | D:15     | Shot with a bolt by a yaktaur

Action                   |  1- 3 |  4- 6 |  7- 9 | 10-12 | 13-15 || total
-------------------------+-------+-------+-------+-------+-------++-------
Melee: Flail             |    77 |    95 |       |       |       ||   172
       Whip              |       |       |   189 |   602 |   487 ||  1278
Throw: Dart              |    47 |    62 |   141 |   283 |    55 ||   588
Invok: Greater Servant o |       |       |       |     1 |       ||     1
Evoke: Wand              |       |     6 |       |       |       ||     6
  Use: Scroll            |     8 |     1 |    16 |    13 |     5 ||    43
       Potion            |     2 |    11 |     7 |     5 |     1 ||    26
